[Event "ICC tourney 2264 (75 10)"]
[Site "Internet Chess Club"]
[Date "2021.01.03"]
[Round "4"]
[White "ChessHawk8"]
[Black "tcrgm"]
[Result "1-0"]
[ICCResult "Black resigns"]
[WhiteElo "1536"]
[BlackElo "1587"]
[Opening "French: Rubinstein variation"]
[ECO "C10"]
[NIC "FR.07"]
[Time "11:00:52"]
[PlyCount "53"]
[TimeControl "4500+10"]

1. e4 e6 2. d4 d5 3. Nc3 dxe4 4. Nxe4 Nd7 5. Nf3 Ngf6 6. Bd3 Be7 7. O-O O-O
8. c3 b6 9. Re1 Bb7 10. Qc2 h6 11. Bd2 c5 12. Rad1 Qc7 13. Qc1 Bd6 14. Bxh6
Ng4 15. Bxg7 Bxh2+ 16. Kf1 Bf4 17. Be5 Bxe5 18. dxe5 Ngxe5 19. Nxe5 Nxe5
20. Nf6+ Kg7 21. Nh5+ Kg8 22. Qh6 f6 23. Nxf6+ Rxf6 24. Qxf6 Nxd3 25. Qxe6+
Kh8 26. Rxd3 Ba6 27. c4 { Black resigns } 1-0

[Event "ICC tourney 2264 (75 10)"]
[Site "Internet Chess Club"]
[Date "2021.01.03"]
[Round "4"]
[White "magicpup"]
[Black "cayo89"]
[Result "0-1"]
[ICCResult "White checkmated"]
[WhiteElo "1523"]
[BlackElo "1521"]
[Opening "Philidor: Improved Hanham variation"]
[ECO "B07"]
[NIC "PU.08"]
[Time "11:02:33"]
[PlyCount "124"]
[TimeControl "4500+10"]

1. e4 d6 2. d4 Nf6 3. Nc3 Nbd7 4. Nf3 e5 5. dxe5 dxe5 6. Bc4 Be7 7. O-O h6
8. Qe2 c6 9. Rd1 Qc7 10. h3 Nf8 11. Be3 g5 12. Qd2 Ng6 13. Nh2 Nf4 14. Be2
Be6 15. Qe1 Kf8 16. Ng4 h5 17. Nxf6 Bxf6 18. Bc5+ Be7 19. Bxe7+ Kxe7 20.
Na4 b6 21. Qb4+ c5 22. Qe1 Qc8 23. Nc3 f6 24. Nd5+ Kf7 25. Nxf4 gxf4 26. h4
Qg8 27. Rd3 Rd8 28. Rad1 Rxd3 29. Rxd3 Qg6 30. Qd1 Ke7 31. Bf3 Rg8 32. Rd2
f5 33. exf5 Qxf5 34. Bxh5 Qh3 35. Bf3 Qxh4 36. Rd3 Rh8 37. Kf1 Bc4 38. b3
Qh1+ 39. Ke2 Qxd1+ 40. Kxd1 Bxd3 41. cxd3 Rh1+ 42. Ke2 Kd6 43. g4 Rb1 44.
g5 Rb2+ 45. Kf1 Rxa2 46. g6 Ke7 47. Be4 Rb2 48. Bd5 Kf6 49. Bf7 Rc2 50. d4
cxd4 51. Bc4 Rxc4 52. bxc4 e4 53. Ke2 Kxg6 54. f3 Kf5 55. fxe4+ Kxe4 56.
Kd2 f3 57. Ke1 d3 58. c5 bxc5 59. Kf2 c4 60. Ke1 c3 61. Kd1 f2 62. Kc1
f1=Q# { White checkmated } 0-1

[Event "ICC tourney 2264 (75 10)"]
[Site "Internet Chess Club"]
[Date "2021.01.03"]
[Round "4"]
[White "twrchess"]
[Black "ChemStud24"]
[Result "0-1"]
[ICCResult "White resigns"]
[WhiteElo "1411"]
[BlackElo "1434"]
[Opening "English opening"]
[ECO "A10"]
[NIC "EO.63"]
[Time "11:00:55"]
[PlyCount "118"]
[TimeControl "4500+10"]

1. c4 b6 2. Nc3 Bb7 3. d4 Nf6 4. Qc2 d5 5. cxd5 Nxd5 6. e4 Nxc3 7. bxc3 e6
8. Nf3 c5 9. Bb5+ Nc6 10. Ne5 Rc8 11. Qa4 Qc7 12. O-O Bd6 13. Nxc6 Bxc6 14.
e5 Be7 15. Rd1 O-O 16. Bxc6 Qxc6 17. Qxc6 Rxc6 18. d5 exd5 19. Rxd5 Rd8 20.
c4 b5 21. Rxd8+ Bxd8 22. cxb5 Rc8 23. Be3 Bb6 24. Kf1 Kf8 25. a4 c4 26. Ke2
Ke7 27. a5 Bxe3 28. Kxe3 Rc5 29. b6 axb6 30. a6 Rc8 31. a7 Ra8 32. Kd4 Kd7
33. Kxc4 Kc6 34. Ra6 Kb7 35. Kb5 Rxa7 36. Rxb6+ Kc7 37. Rc6+ Kd7 38. Rd6+
Ke7 39. Rd2 Rc7 40. Kb6 Rc4 41. Re2 Ke6 42. g3 g5 43. f3 Rd4 44. Kc5 Rd5+
45. Kc4 Rxe5 46. Kd3 Rxe2 47. Kxe2 f5 48. h3 f4 49. g4 Ke5 50. Kd3 Kd5 51.
Kc3 Ke5 52. Kd3 h5 53. gxh5 Kf5 54. h6 Kg6 55. Ke4 Kxh6 56. Ke5 Kh5 57. Kf6
Kh4 58. Kf5 Kxh3 59. Kxg5 Kg3 { White resigns } 0-1

[Event "ICC tourney 2264 (75 10)"]
[Site "Internet Chess Club"]
[Date "2021.01.03"]
[Round "5"]
[White "NickManley1987"]
[Black "andrewj508"]
[Result "0-1"]
[ICCResult "White resigns"]
[WhiteElo "1543"]
[BlackElo "1256"]
[Opening "French: Winawer, classical variation"]
[ECO "C18"]
[NIC "FR.11"]
[Time "14:32:26"]
[PlyCount "22"]
[TimeControl "4500+10"]

1. e4 e6 2. d4 d5 3. Nc3 Bb4 4. e5 c5 5. a3 Bxc3+ 6. bxc3 Qc7 7. Qg4 Ne7 8.
Qxg7 Rg8 9. Qxh7 cxd4 10. cxd4 Qc3+ 11. Bd2 Qxa1+ { White resigns } 0-1

[Event "ICC tourney 2264 (75 10)"]
[Site "Internet Chess Club"]
[Date "2021.01.03"]
[Round "5"]
[White "Beast908"]
[Black "Jeffchess"]
[Result "0-1"]
[ICCResult "White resigns"]
[WhiteElo "1367"]
[BlackElo "1209"]
[Opening "French: Tarrasch, open variation"]
[ECO "C07"]
[NIC "FR.18"]
[Time "14:32:22"]
[PlyCount "114"]
[TimeControl "4500+10"]

1. e4 e6 2. d4 d5 3. Nd2 c5 4. c3 c4 5. Ngf3 Nf6 6. e5 Nfd7 7. Be2 b5 8. a3
a5 9. O-O a4 10. Re1 Nc6 11. Nf1 Na5 12. Bg5 Be7 13. Bxe7 Qxe7 14. N1d2 Nb3
15. Nxb3 axb3 16. Qd2 Nb6 17. Rab1 Na4 18. Bf1 Nxb2 19. Qxb2 Qxa3 20. Qxa3
Rxa3 21. Re2 O-O 22. Reb2 Bd7 23. Ne1 Ra2 24. Rxa2 bxa2 25. Ra1 Ra8 26. Nc2
g6 27. Nb4 Ra3 28. Rxa2 Rxc3 29. Ra8+ Kg7 30. Rd8 Rb3 31. Rxd7 Rxb4 32. Rb7
Rb1 33. f3 c3 34. Rc7 b4 35. Kf2 Rb2+ 36. Ke3 c2 37. Bd3 b3 38. Kd2 Ra2 39.
Bxc2 Rxc2+ 40. Rxc2 bxc2 41. Kxc2 Kh6 42. Kd3 Kg5 43. g3 Kf5 44. Ke3 h5 45.
h3 g5 46. g4+ Kg6 47. f4 f5 48. Kf3 fxg4+ 49. hxg4 h4 50. f5+ exf5 51.
gxf5+ Kxf5 52. Kg2 g4 53. Kh2 g3+ 54. Kg2 Kg4 55. e6 h3+ 56. Kf1 Kf3 57. e7
h2 { White resigns } 0-1

[Event "ICC tourney 2264 (75 10)"]
[Site "Internet Chess Club"]
[Date "2021.01.03"]
[Round "5"]
[White "nextelitekid"]
[Black "akshajp"]
[Result "1-0"]
[ICCResult "Black resigns"]
[WhiteElo "1561"]
[BlackElo "1389"]
[Opening "Sicilian: Labourdonnais-Löwenthal variation"]
[ECO "B32"]
[NIC "SI.32"]
[Time "14:32:22"]
[PlyCount "44"]
[TimeControl "4500+10"]

1. e4 c5 2. Nf3 Nc6 3. d4 cxd4 4. Nxd4 e5 5. Nf3 Nf6 6. Bc4 Be7 7. Nc3 O-O
8. O-O a6 9. Re1 b5 10. Bb3 Bb7 11. Bg5 b4 12. Bxf6 bxc3 13. Bxe7 Qxe7 14.
bxc3 Rac8 15. Rb1 Ba8 16. Qd2 Na5 17. c4 Nxc4 18. Bxc4 Rxc4 19. Qd3 Rfc8
20. Rb2 Qe6 21. Ng5 Qg6 22. Qxc4 Rf8 { Black resigns } 1-0

[Event "ICC tourney 2264 (75 10)"]
[Site "Internet Chess Club"]
[Date "2021.01.03"]
[Round "5"]
[White "AndreiKo007"]
[Black "KingRayfish"]
[Result "1-0"]
[ICCResult "Black checkmated"]
[WhiteElo "1695"]
[BlackElo "1469"]
[Opening "Four knights: Spanish, classical defense"]
[ECO "C48"]
[NIC "KP.03"]
[Time "14:32:23"]
[PlyCount "109"]
[TimeControl "4500+10"]

1. e4 e5 2. Nf3 Nc6 3. Nc3 Nf6 4. Bb5 Bc5 5. Bxc6 dxc6 6. Nxe5 Qd4 7. Nd3
O-O 8. Nxc5 Qxc5 9. d3 Ng4 10. O-O f5 11. Qe2 fxe4 12. Nxe4 Qe5 13. Ng3 Qb5
14. b3 Bd7 15. Bb2 Rae8 16. Qd2 Qb6 17. h3 Nf6 18. Rfe1 Nd5 19. a3 Rd8 20.
Ne4 c5 21. Qg5 Nf6 22. Nxf6+ Rxf6 23. Bxf6 Qxf6 24. Qxf6 gxf6 25. Re3 Re8
26. Rxe8+ Bxe8 27. b4 cxb4 28. axb4 a6 29. c3 Kf7 30. d4 Bb5 31. Rc1 Bc4
32. f3 Ke6 33. Kf2 Kd5 34. Ke3 b6 35. g4 c5 36. f4 cxb4 37. cxb4 Bb5 38. g5
fxg5 39. fxg5 Bd7 40. h4 a5 41. bxa5 bxa5 42. Rc7 Kd6 43. Ra7 a4 44. h5 Ke6
45. g6 hxg6 46. h6 Kf7 47. Rxd7+ Kg8 48. Ra7 Kh8 49. Rxa4 Kh7 50. d5 Kxh6
51. d6 Kg7 52. d7 Kf7 53. d8=Q Kg7 54. Rg4 Kh6 55. Qh8# { Black checkmated
} 1-0

[Event "ICC tourney 2264 (75 10)"]
[Site "Internet Chess Club"]
[Date "2021.01.03"]
[Round "5"]
[White "Dhruti813kob36"]
[Black "aakashjr"]
[Result "1/2-1/2"]
[ICCResult "Game drawn by mutual agreement"]
[WhiteElo "1487"]
[BlackElo "1642"]
[Opening "Scandinavian: Marshall variation"]
[ECO "B01"]
[NIC "SD.03"]
[Time "14:32:29"]
[PlyCount "55"]
[TimeControl "4500+10"]

1. e4 d5 2. exd5 Nf6 3. d4 Nxd5 4. Nf3 Bg4 5. Be2 e6 6. O-O Bd6 7. Re1 O-O
8. c4 Nf6 9. Nc3 Nc6 10. d5 exd5 11. cxd5 Ne7 12. Bg5 Nf5 13. h3 Bxf3 14.
Bxf3 h6 15. Bd2 Qd7 16. Rc1 Rfe8 17. a4 Rad8 18. Nb5 a6 19. Nxd6 Qxd6 20.
Rxe8+ Rxe8 21. Bc3 Ne4 22. Bxe4 Rxe4 23. Qc2 Qxd5 24. Rd1 Nd4 25. Rxd4 Rxd4
26. Bxd4 Qxd4 27. Qxc7 Qxb2 28. Qc8+ { Game drawn by mutual agreement }
1/2-1/2

[Event "ICC tourney 2264 (75 10)"]
[Site "Internet Chess Club"]
[Date "2021.01.03"]
[Round "5"]
[White "sujay2010"]
[Black "Hamlett144"]
[Result "0-1"]
[ICCResult "White resigns"]
[WhiteElo "1345"]
[BlackElo "1452"]
[Opening "Queen's pawn, Mason variation"]
[ECO "D00"]
[NIC "QP.08"]
[Time "14:32:37"]
[PlyCount "136"]
[TimeControl "4500+10"]

1. d4 d5 2. Bf4 Bf5 3. e3 Nf6 4. Bd3 Qd7 5. Nd2 Bxd3 6. cxd3 e6 7. h3 Nc6
8. a3 h6 9. Ngf3 g5 10. Bh2 Bd6 11. Bxd6 Qxd6 12. Rc1 Nd7 13. b4 a6 14. Nb3
b6 15. Qc2 Ndb8 16. Ne5 Nxe5 17. dxe5 Qxe5 18. Qxc7 Qxc7 19. Rxc7 O-O 20.
O-O Rd8 21. Rfc1 Nd7 22. Nd4 Ne5 23. R1c3 Kf8 24. Nc6 Nxc6 25. R3xc6 b5 26.
Rb6 Rdb8 27. Rbc6 a5 28. bxa5 Rxa5 29. Rc8+ Rxc8 30. Rxc8+ Kg7 31. Rc3 f5
32. Kf1 Kf6 33. Ke2 h5 34. Kd2 g4 35. Kc2 Kg5 36. Kb3 gxh3 37. gxh3 Kh4 38.
Rc1 Ra4 39. Rg1 Kxh3 40. d4 Kh2 41. Rg5 h4 42. f3 h3 43. f4 Kh1 44. Rg6 h2
45. Rxe6 Kg2 46. Rg6+ Kf3 47. Rh6 Kxe3 48. Rxh2 Kxf4 49. Rf2+ Ke4 50. Rf1
f4 51. Kc3 Rxa3+ 52. Kb4 Ra4+ 53. Kxb5 Rxd4 54. Re1+ Kf3 55. Kc5 Kf2 56.
Re5 Ra4 57. Rf5 f3 58. Rf8 d4 59. Rf4 Ke3 60. Rf8 d3 61. Re8+ Kd2 62. Rf8
Ke2 63. Re8+ Kf1 64. Kb5 Rf4 65. Rd8 Ke2 66. Re8+ Kd1 67. Rd8 d2 68. Ka5 f2
{ White resigns } 0-1

[Event "ICC tourney 2264 (75 10)"]
[Site "Internet Chess Club"]
[Date "2021.01.03"]
[Round "5"]
[White "tundrarules"]
[Black "StevChess01"]
[Result "1-0"]
[ICCResult "Black checkmated"]
[WhiteElo "1325"]
[BlackElo "1632"]
[Opening "Sicilian: O'Kelly variation"]
[ECO "B28"]
[NIC "SI.43"]
[Time "14:32:27"]
[PlyCount "59"]
[TimeControl "4500+10"]

1. e4 c5 2. Nf3 a6 3. d4 cxd4 4. Nxd4 Nf6 5. Nc3 e5 6. Nf3 Bb4 7. Bc4 O-O
8. O-O Bxc3 9. bxc3 Qc7 10. Qd3 d6 11. Be3 b5 12. Bb3 Bb7 13. Rfd1 Nxe4 14.
Ng5 Nxg5 15. Bxg5 h6 16. Be3 Rd8 17. c4 bxc4 18. Bxc4 Nc6 19. Qg6 Kf8 20.
Bb6 Qd7 21. Qh7 Rdc8 22. Qh8+ Ke7 23. Qxg7 Qf5 24. Qxh6 Rh8 25. Qxd6+ Ke8
26. Bd5 Rc8 27. Bc5 Qg5 28. Rab1 Rh6 29. Bxc6+ Bxc6 30. Qf8# { Black
checkmated } 1-0

[Event "ICC tourney 2264 (75 10)"]
[Site "Internet Chess Club"]
[Date "2021.01.03"]
[Round "5"]
[White "CheddarCheng1"]
[Black "jjplaman"]
[Result "1-0"]
[ICCResult "Black checkmated"]
[WhiteElo "1424"]
[BlackElo "1325"]
[Opening "Caro-Kann: advance variation"]
[ECO "B12"]
[NIC "CK.04"]
[Time "14:32:24"]
[PlyCount "95"]
[TimeControl "4500+10"]

1. e4 c6 2. d4 d5 3. e5 Bf5 4. Nf3 e6 5. Be2 c5 6. c3 Nc6 7. O-O cxd4 8.
cxd4 Bb4 9. a3 Ba5 10. b4 Bb6 11. Nc3 Nge7 12. Nb5 O-O 13. Bb2 Be4 14. Rc1
Nf5 15. g4 Nfe7 16. Nd6 Qd7 17. Ne1 Bg6 18. f4 h6 19. Kh1 Be4+ 20. Bf3 Rad8
21. Ng2 Bh7 22. Qd2 Nc8 23. Nxc8 Rxc8 24. Be2 Be4 25. h3 Kh8 26. Kh2 Ne7
27. Bd3 Nc6 28. Bb5 a6 29. Ba4 Ba7 30. Nh4 b5 31. Bc2 Rfd8 32. f5 Qe7 33.
f6 Qf8 34. g5 hxg5 35. Qxg5 Nxd4 36. Qh5+ Kg8 37. fxg7 Qxg7 38. Bxe4 Rxc1
39. Bxc1 dxe4 40. Bh6 Qh7 41. Rg1+ Kh8 42. Bg7+ Kg8 43. Bf6+ Kf8 44. Qxh7
Nf3+ 45. Nxf3 Bxg1+ 46. Kxg1 Rd1+ 47. Kf2 exf3 48. Qh8# { Black checkmated
} 1-0

[Event "ICC tourney 2264 (75 10)"]
[Site "Internet Chess Club"]
[Date "2021.01.03"]
[Round "5"]
[White "trucker"]
[Black "Davide25"]
[Result "1/2-1/2"]
[ICCResult "Game drawn by mutual agreement"]
[WhiteElo "1642"]
[BlackElo "1539"]
[Opening "Caro-Kann: Steinitz variation"]
[ECO "B17"]
[NIC "CK.08"]
[Time "14:32:35"]
[PlyCount "92"]
[TimeControl "4500+10"]

1. e4 c6 2. d4 d5 3. Nc3 dxe4 4. Nxe4 Nd7 5. Nf3 Ngf6 6. Nxf6+ Nxf6 7. Bc4
Bg4 8. Bxf7+ Kxf7 9. Ne5+ Kg8 10. Nxg4 Nxg4 11. Qxg4 Qd5 12. O-O h5 13. Qh4
e6 14. c3 Bd6 15. Re1 Rf8 16. Qe4 Rf6 17. h4 Qxe4 18. Rxe4 Kf7 19. Bg5 Rf5
20. Rae1 Re8 21. g3 b5 22. Kg2 a5 23. f3 c5 24. dxc5 Bxc5 25. Re5 Rxe5 26.
Rxe5 Rc8 27. a3 b4 28. axb4 axb4 29. Bd2 Rd8 30. Bg5 Rd5 31. Rxd5 exd5 32.
Bd8 b3 33. Kf1 Be3 34. Bg5 Bc5 35. Ke2 Ke6 36. Kd3 Kf5 37. Be3 Bd6 38. Bf2
Be5 39. c4 Bxb2 40. cxd5 Be5 41. f4 Bf6 42. Bc5 Kg4 43. Bd6 Kxg3 44. Be5
Bxh4 45. Kc3 Kg4 46. Kxb3 Bd8 { Game drawn by mutual agreement } 1/2-1/2

[Event "ICC tourney 2264 (75 10)"]
[Site "Internet Chess Club"]
[Date "2021.01.03"]
[Round "5"]
[White "solveur"]
[Black "ChessHawk8"]
[Result "1-0"]
[ICCResult "Black resigns"]
[WhiteElo "1435"]
[BlackElo "1536"]
[Opening "QGD"]
[ECO "D52"]
[NIC "QO.16"]
[Time "14:32:24"]
[PlyCount "88"]
[TimeControl "4500+10"]

1. d4 d5 2. c4 e6 3. Nc3 Nf6 4. Nf3 c6 5. Bg5 Nbd7 6. e3 Be7 7. cxd5 exd5
8. Bd3 h6 9. Bh4 O-O 10. O-O Re8 11. Rc1 Nb6 12. Na4 Nxa4 13. Qxa4 Ne4 14.
Bxe7 Qxe7 15. b4 Bf5 16. Rfd1 a6 17. Rc2 Rac8 18. Qb3 Bg4 19. Be2 Qf6 20.
a4 Nd6 21. Ne5 Bxe2 22. Rxe2 Qe6 23. Rc2 f6 24. Nd3 Ne4 25. Nc5 Nxc5 26.
bxc5 Qd7 27. Rb2 Rb8 28. Rdb1 Re7 29. Qb6 Kf7 30. g3 g5 31. Qa5 h5 32. Rb6
Qc8 33. Qb4 h4 34. Kg2 h3+ 35. Kf1 Qf5 36. Rxc6 Rxe3 37. Rc7+ Kg6 38. Rb3
Rd3 39. Rb1 Rxd4 40. Qb3 Qe4 41. f3 Qe5 42. Qc2+ Qf5 43. Rg7+ Kxg7 44. Qxf5
Rxa4 { Black resigns } 1-0

[Event "ICC tourney 2264 (75 10)"]
[Site "Internet Chess Club"]
[Date "2021.01.03"]
[Round "5"]
[White "MasterIVGM20"]
[Black "MikeWMason"]
[Result "0-1"]
[ICCResult "White checkmated"]
[WhiteElo "1184"]
[BlackElo "1699"]
[Opening "Sicilian: accelerated fianchetto, modern variation"]
[ECO "B73"]
[NIC "SI.33"]
[Time "14:33:15"]
[PlyCount "82"]
[TimeControl "4500+10"]

1. e4 c5 2. Nf3 Nc6 3. d4 cxd4 4. Nxd4 g6 5. Nc3 Bg7 6. Be3 Nf6 7. Be2 O-O
8. O-O d6 9. h3 Kh8 10. Qd2 Bd7 11. a3 Rc8 12. Rac1 e5 13. Nb3 Qe7 14. Rfd1
Ne8 15. Nb5 Nd4 16. N3xd4 exd4 17. Bxd4 Bxb5 18. Bxb5 a6 19. Bxe8 Rfxe8 20.
Bxg7+ Kxg7 21. Qxd6 Qxe4 22. c3 Rc6 23. Qd2 Rce6 24. Kf1 Qc4+ 25. Qd3 Re1+
26. Rxe1 Qxd3+ 27. Kg1 Rxe1+ 28. Rxe1 Qd2 29. Re7 Qc1+ 30. Kh2 Qxb2 31. c4
Kf6 32. Re3 Kg7 33. Re7 a5 34. c5 Qxa3 35. Rxb7 Qxc5 36. Rb8 a4 37. Ra8 a3
38. Kg3 Qd6+ 39. Kh4 Qf4+ 40. g4 Qxf2+ 41. Kg5 h6# { White checkmated } 0-1

[Event "ICC tourney 2264 (75 10)"]
[Site "Internet Chess Club"]
[Date "2021.01.03"]
[Round "5"]
[White "cayo89"]
[Black "pusheen2019"]
[Result "1-0"]
[ICCResult "Black resigns"]
[WhiteElo "1521"]
[BlackElo "1499"]
[Opening "Queen's pawn: Chigorin variation"]
[ECO "D00"]
[NIC "QP.08"]
[Time "14:33:15"]
[PlyCount "79"]
[TimeControl "4500+10"]

1. d4 d5 2. Nc3 Nf6 3. Bf4 Bf5 4. f3 Nbd7 5. g4 Bg6 6. h4 h6 7. e3 e6 8.
Nb5 Bb4+ 9. c3 Ba5 10. b4 Bb6 11. a4 a5 12. Bd3 Bxd3 13. Qxd3 Nb8 14. Nh3
Nc6 15. Qd2 Qe7 16. Kf2 Kd7 17. Rhc1 Ne8 18. Bg3 axb4 19. cxb4 Nxb4 20. Kg2
Nc6 21. Nf2 Na5 22. Qd3 Nc4 23. Rxc4 dxc4 24. Qxc4 Nd6 25. Nxd6 cxd6 26.
Qb5+ Kd8 27. Qxb6+ Qc7 28. Qxd6+ Qxd6 29. Bxd6 Kd7 30. Bc5 Ra6 31. a5 Rha8
32. Rb1 Kc6 33. Bb6 Rc8 34. Rc1+ Kd7 35. Rxc8 Kxc8 36. Nd3 Ra8 37. Nc5 Rb8
38. e4 Ra8 39. d5 exd5 40. exd5 { Black resigns } 1-0

[Event "ICC tourney 2264 (75 10)"]
[Site "Internet Chess Club"]
[Date "2021.01.03"]
[Round "5"]
[White "tcrgm"]
[Black "Il123"]
[Result "0-1"]
[ICCResult "White resigns"]
[WhiteElo "1587"]
[BlackElo "1461"]
[Opening "Scandinavian (center counter) defense"]
[ECO "B01"]
[NIC "SD.01"]
[Time "14:32:26"]
[PlyCount "94"]
[TimeControl "4500+10"]

1. e4 d5 2. exd5 Qxd5 3. Nc3 Qa5 4. d4 c6 5. Nf3 Nf6 6. Bd2 Qc7 7. h3 Bf5
8. Bc4 e6 9. O-O Bd6 10. Re1 O-O 11. Bg5 Nbd7 12. Qd2 h6 13. Be3 Rad8 14.
Nh4 Bh7 15. Rad1 e5 16. Qc1 exd4 17. Bxd4 Bf4 18. Be3 Bxe3 19. Rxe3 Qf4 20.
Bxf7+ Rxf7 21. Nf3 Qc7 22. Qd2 Re8 23. Rxe8+ Nxe8 24. Qe2 Ndf6 25. Nd4 Rd7
26. Qc4+ Kh8 27. Qc5 Qb6 28. Qf8+ Bg8 29. Ne6 Rxd1+ 30. Nxd1 Qa5 31. Ne3
Qe1+ 32. Kh2 Qxf2 33. Nc4 Ng4+ 34. hxg4 Qh4+ 35. Kg1 Qe1+ 36. Kh2 Qxe6 37.
Na5 Qe5+ 38. Kh3 Qxa5 39. Qxe8 Qxa2 40. g5 Qe6+ 41. Qxe6 Bxe6+ 42. g4 hxg5
43. Kg3 Kh7 44. Kf3 Kg6 45. Ke4 Bxg4 46. Ke5 Bf3 47. Ke6 g4 { White resigns
} 0-1

[Event "ICC tourney 2264 (75 10)"]
[Site "Internet Chess Club"]
[Date "2021.01.03"]
[Round "5"]
[White "handsomematch"]
[Black "Anushkaa"]
[Result "0-1"]
[ICCResult "White checkmated"]
[WhiteElo "1303"]
[BlackElo "1281"]
[Opening "Ruy Lopez: closed, Flohr-Zaitsev system (Lenzerheide variation)"]
[ECO "C92"]
[NIC "RL.26"]
[Time "14:32:25"]
[PlyCount "102"]
[TimeControl "4500+10"]

1. e4 e5 2. Nf3 Nc6 3. Bb5 a6 4. Ba4 Nf6 5. O-O b5 6. Bb3 Be7 7. Re1 O-O 8.
c3 d6 9. h3 Bb7 10. d4 a5 11. Nbd2 a4 12. Bc2 Nd7 13. Nf1 Bf6 14. Ng3 Re8
15. Nf5 Ne7 16. Nxe7+ Qxe7 17. Qd3 Ba6 18. Qe3 c5 19. d5 Qd8 20. b3 axb3
21. axb3 Bb7 22. Bb2 Qb6 23. Reb1 g6 24. c4 b4 25. Qh6 Bg7 26. Qh4 Nf6 27.
Bc1 Qd8 28. Qg5 Nh5 29. Qe3 Qe7 30. Qe2 Nf4 31. Bxf4 exf4 32. Ne1 Rxa1 33.
Rxa1 Bxa1 34. f3 Bd4+ 35. Kh2 Qh4 36. Nd3 Ra8 37. Bb1 Qg3+ 38. Kh1 Ra1 39.
Qf1 g5 40. Qd1 Bc8 41. Qf1 h6 42. e5 dxe5 43. d6 Bd7 44. Nxc5 Bxc5 45. Bh7+
Kxh7 46. Qxa1 Bxh3 47. Qb1+ Kg7 48. Qb2 Bd4 49. Qe2 Bd7 50. Qf2 Qxf2 51.
Kh2 Qg1# { White checkmated } 0-1

[Event "ICC tourney 2264 (75 10)"]
[Site "Internet Chess Club"]
[Date "2021.01.03"]
[Round "5"]
[White "Fredzhang"]
[Black "lwaharte"]
[Result "1/2-1/2"]
[ICCResult "Game drawn by mutual agreement"]
[WhiteElo "1403"]
[BlackElo "1473"]
[Opening "Four knights: Italian variation"]
[ECO "C55"]
[NIC "IG.01"]
[Time "14:32:30"]
[PlyCount "85"]
[TimeControl "4500+10"]

1. e4 e5 2. Nf3 Nc6 3. Bc4 Nf6 4. Nc3 Be7 5. d3 d6 6. O-O Bg4 7. Bg5 Nd4 8.
Be3 Nxf3+ 9. gxf3 Bh3 10. Re1 O-O 11. f4 exf4 12. Bxf4 Qd7 13. Bg3 Rad8 14.
Qe2 c6 15. Bb3 b6 16. d4 Nh5 17. d5 Nxg3 18. fxg3 Bf6 19. Ba4 Bxc3 20. bxc3
b5 21. Bb3 c5 22. c4 b4 23. a3 a5 24. axb4 axb4 25. e5 Qg4 26. Ra5 Rfe8 27.
Qxg4 Bxg4 28. Re3 Rc8 29. Ba4 h6 30. e6 Re7 31. exf7+ Kxf7 32. Rxe7+ Kxe7
33. Ra7+ Kf6 34. Kf2 Rf8 35. Ke3 Rf7 36. Rxf7+ Kxf7 37. c3 bxc3 38. Kd3 Kf6
39. Kxc3 Ke5 40. Kd3 Bh3 41. Ke3 g5 42. Be8 Bf1 43. Bb5 { Game drawn by
mutual agreement } 1/2-1/2

[Event "ICC tourney 2264 (75 10)"]
[Site "Internet Chess Club"]
[Date "2021.01.03"]
[Round "5"]
[White "nsuralik"]
[Black "magicpup"]
[Result "0-1"]
[ICCResult "White checkmated"]
[WhiteElo "1079"]
[BlackElo "1523"]
[Opening "Scotch game"]
[ECO "C45"]
[NIC "SO.04"]
[Time "14:32:32"]
[PlyCount "124"]
[TimeControl "4500+10"]

1. e4 e5 2. Nf3 Nc6 3. d4 exd4 4. Nxd4 Bb4+ 5. c3 Bc5 6. Nb3 Be7 7. Bd3 d6
8. Be3 Nf6 9. N1d2 O-O 10. O-O Bg4 11. f3 Be6 12. Qe1 d5 13. Bc2 dxe4 14.
Nxe4 Nxe4 15. Bxe4 Bd6 16. f4 Bc4 17. Rf3 Qe7 18. Bd4 Bxb3 19. axb3 Nxd4
20. cxd4 c6 21. f5 Rfe8 22. Re3 Bf4 23. Re2 Qd6 24. g3 Qxd4+ 25. Kf1 Bd6
26. Rd1 Qf6 27. h4 Rad8 28. Bb1 Rxe2 29. Qxe2 Bxg3 30. Rxd8+ Qxd8 31. h5
Kf8 32. Qc2 Qd4 33. Kg2 Be5 34. Kf3 Qf4+ 35. Kg2 Qh2+ 36. Kf3 Qxc2 37. Bxc2
Bxb2 38. Ke4 g6 39. hxg6 hxg6 40. fxg6 fxg6 41. Kf4 Kg7 42. Kg4 Bc1 43. Be4
Kf6 44. Bd3 g5 45. Bc4 Ke5 46. Bf7 c5 47. Be8 Kd4 48. Bb5 a6 49. Ba4 b5 50.
Bxb5 axb5 51. Kf3 c4 52. bxc4 bxc4 53. Ke2 Bf4 54. Kd1 c3 55. Kc2 g4 56.
Kd1 Kd3 57. Ke1 c2 58. Kf2 c1=Q 59. Kg2 Qd2+ 60. Kf1 Bg3 61. Kg1 Qf2+ 62.
Kh1 Qh2# { White checkmated } 0-1

[Event "ICC tourney 2264 (75 10)"]
[Site "Internet Chess Club"]
[Date "2021.01.03"]
[Round "5"]
[White "ChemStud24"]
[Black "MissCalculation"]
[Result "1-0"]
[ICCResult "Black checkmated"]
[WhiteElo "1434"]
[BlackElo "1041"]
[Opening "Caro-Kann: classical, 6.h4"]
[ECO "B19"]
[NIC "CK.11"]
[Time "14:32:23"]
[PlyCount "169"]
[TimeControl "4500+10"]

1. e4 c6 2. d4 d5 3. Nc3 dxe4 4. Nxe4 Bf5 5. Ng3 Bg6 6. h4 h6 7. Nf3 Nf6 8.
h5 Bh7 9. Bd3 Bxd3 10. Qxd3 e6 11. Bf4 c5 12. Qb5+ Nbd7 13. O-O-O Qb6 14.
Qa4 Be7 15. Rhe1 O-O 16. d5 Qb4 17. Qxb4 cxb4 18. dxe6 fxe6 19. Rxe6 Bc5
20. Nd4 Rae8 21. Rxe8 Rxe8 22. Be3 Ne5 23. Ndf5 Bxe3+ 24. Nxe3 Neg4 25.
Nxg4 Nxg4 26. f3 Nf6 27. Rh1 Re5 28. Kd2 Rd5+ 29. Ke3 Rc5 30. Kd3 a5 31.
Ne4 Nxe4 32. fxe4 Rg5 33. Rh2 a4 34. Ke3 Rc5 35. g4 b3 36. axb3 axb3 37. c3
b5 38. Kd4 Rg5 39. Rg2 g6 40. hxg6 Rxg6 41. Ke5 Rg7 42. Kf6 Rf7+ 43. Kg6
Re7 44. Kxh6 Re6+ 45. Kh5 Rxe4 46. g5 Re7 47. Kh6 Rh7+ 48. Kg6 Rg7+ 49. Kf5
Rf7+ 50. Kg4 Kg7 51. Kh5 Rf3 52. g6 Rh3+ 53. Kg5 Re3 54. Kf5 Rf3+ 55. Ke5
Re3+ 56. Kd5 Rf3 57. Kc5 Rf5+ 58. Kb4 Re5 59. Kxb3 Re4 60. Ka3 Rf4 61. b3
Re4 62. b4 Re3 63. Kb3 Rf3 64. Rg5 Rf6 65. Rxb5 Rxg6 66. Rd5 Rf6 67. b5 Rb6
68. Kb4 Kf6 69. c4 Re6 70. c5 Re4+ 71. Kc3 Re3+ 72. Kc4 Re4+ 73. Rd4 Re5
74. b6 Re6 75. Rd6 Ke7 76. Rxe6+ Kxe6 77. b7 Kf6 78. b8=Q Kf5 79. Qe8 Kf4
80. c6 Kf3 81. c7 Kg2 82. Qf8 Kh1 83. Qg8 Kh2 84. c8=Q Kh1 85. Qh3# { Black
checkmated } 1-0

[Event "ICC tourney 2264 (75 10)"]
[Site "Internet Chess Club"]
[Date "2021.01.03"]
[Round "6"]
[White "cayo89"]
[Black "solveur"]
[Result "0-1"]
[ICCResult "White resigns"]
[WhiteElo "1521"]
[BlackElo "1435"]
[Opening "Queen's pawn: Chigorin variation"]
[ECO "D00"]
[NIC "QP.08"]
[Time "18:04:29"]
[PlyCount "38"]
[TimeControl "4500+10"]

1. d4 d5 2. Nc3 Nf6 3. Bf4 c6 4. e3 Bf5 5. f3 e6 6. g4 Bg6 7. h4 h6 8. Bd3
Bxd3 9. Qxd3 Bd6 10. Nge2 Qc7 11. Rg1 Bxf4 12. exf4 Nbd7 13. O-O-O O-O-O
14. Qe3 Nb6 15. b3 Nfd7 16. Kb2 a6 17. Nc1 c5 18. dxc5 Nxc5 19. Nd3 d4 {
White resigns } 0-1